 Dungeon Crawl Stone Soup version 0.29-a0-234-g0dae59b3db (webtiles) character file.

Game seed: 15353318660499750400

11581 Hasart the Archer (level 11, 0/94 HPs)
             Began as a Demigod Hunter on Mar 2, 2022.
             Slain by a spectral death yak (15 damage)
             ... in a Gauntlet.
             The game lasted 00:25:56 (11284 turns).

Hasart the Archer (Demigod Hunter)                 Turns: 11284, Time: 00:25:57

Health: 0/94       AC: 15    Str: 13    XL:     11   Next: 27%
Magic:  0/14       EV: 22    Int: 15    God:
Gold:   665        SH:  0    Dex: 26    Spells: 10/10 levels left

rFire   . . .      SeeInvis .   a - +2 shortbow (vorpal)
rCold   . . .      Faith    .   (shield currently unavailable)
rNeg    . . .      Spirit   +   l - +1 leather armour {rPois}
rPois   +          Reflect  .   G - +2 helmet
rElec   .          Harm     .   z - +2 cloak {Stlth+}
rCorr   .          Rampage  .   d - +0 pair of gloves
Will    +....      NoTele   +   (no boots)
Stlth   +++++.....              A - amulet "Tuakk" {Spirit Int+2}
HPRegen 0.25/turn               m - +4 ring of protection
MPRegen 0.14/turn               n - +4 ring of evasion

@: slowed, very slow
A: high MP 1, forlorn, divine attributes
a: no special abilities


You were in a Gauntlet.
You visited 3 branches of the dungeon, and saw 13 of its levels.
You also visited: Gauntlet.

You collected 833 gold pieces.
You spent 168 gold pieces at shops.

Inventory:

Hand Weapons
 a - a +2 vorpal shortbow (weapon)
 k - a +0 longbow
Armour
 d - a +0 pair of gloves (worn)
 l - a +1 leather armour of poison resistance (worn)
 z - a +2 cloak of stealth (worn)
 G - a +2 helmet (worn)
Jewellery
 m - a +4 ring of protection (left hand)
 n - a +4 ring of evasion (right hand)
 A - the amulet "Tuakk" (around neck) {Spirit Int+2}
   (You found it on level 7 of the Dungeon)

   [amulet of guardian spirit]

   It causes incoming damage to be divided between your reserves of health and
   magic.
   Int:       It affects your intelligence (+2).
 C - an amulet of magic regeneration
 D - a ring of flight
Wands
 e - a wand of mindburst (6)
 F - a wand of iceblast (7)
Scrolls
 b - a scroll of blinking
 c - a scroll of magic mapping
 g - 2 scrolls of enchant armour
 w - a scroll of silence
 x - 5 scrolls of teleportation
 y - 2 scrolls of fear
Potions
 f - a potion of berserk rage
 h - a potion of cancellation {unknown}
 i - a potion of invisibility {unknown}
 j - a potion of might
 o - a potion of degeneration {unknown}
 p - 5 potions of curing
 r - a potion of haste {unknown}
 s - a potion of resistance
 t - 5 potions of attraction
 u - a potion of lignification {unknown}
 v - a potion of flight {unknown}
 B - 2 potions of ambrosia {unknown}
 E - a potion of magic {unknown}


   Skills:
 + Level 7.9 Fighting
 * Level 10.2 Bows
 + Level 7.9 Dodging
 + Level 8.5 Stealth
 + Level 4.3 Evocations


You had 10 spell levels left.
You didn't know any spells.
Your spell library contained the following spells:

 Spells                   Type           Power      Damage    Failure   Level
 Animate Skeleton         Necr           0%         N/A       34%         1
 Pain                     Necr           0%         1d4       34%         1
 Summon Small Mammal      Summ           0%         N/A       34%         1
 Call Canine Familiar     Summ           0%         N/A       71%         3
 Ignite Poison            Fire/Tmut/Pois 0%         N/A       71%         3
 Mephitic Cloud           Conj/Pois/Air  0%         N/A       71%         3
 Summon Guardian Golem    Hex/Summ       0%         N/A       71%         3
 Vampiric Draining        Necr           0%         2d6       71%         3
 Freezing Cloud           Conj/Ice/Air   0%         6-21      100%        5


Dungeon Overview and Level Annotations

Branches:
Dungeon (10/15)            Temple (0/1) D:4            Lair (2/6) D:10
    Orc (1/2) D:9         Gauntlet (1/1)
  Swamp: Lair:2-4    Shoals: Lair:2-4     Snake: Lair:2-4    Spider: Lair:2-4

Shops:
D:5 :!:

Annotations:
D:10 Nergalle Gauntlet 9 transporters


Innate Abilities, Weirdness & Mutations

You have an increased reservoir of magic. (+10% MP)
You shall have no god before yourself.
Your divine heritage dramatically boosts your attributes as you level up.


Message History

* * * LOW HITPOINT WARNING * * *
The spectral dream sheep bites you but does no damage.
Aiming: Mindburst
Press: ? - help, Shift-Dir - straight line, f/p - death scarab
Aim: a death scarab (moderately damaged, chance to affect: 47%)
Okay, then.
Aiming: Iceblast
Press: ? - help, Shift-Dir - straight line, f/p - death scarab
Aim: a death scarab (moderately damaged)
The mass of ice explodes!
The iceblast engulfs the death scarab!
The death scarab is almost destroyed.
The death scarab completely misses you.
The spectral death yak completely misses you.
The spectral dream sheep misses you. The spectral death yak misses you.
Unknown command.
Unknown command.
Unknown command.
Unknown command.
Aiming: Iceblast
Press: ? - help, Shift-Dir - straight line, f - you, p - death scarab That beam is likely to hit you.
Continue anyway?
The mass of ice explodes!
The iceblast engulfs you!
* * * LOW HITPOINT WARNING * * *
The iceblast engulfs the death scarab!
You destroy the death scarab!
The iceblast engulfs the spectral death yak!
The spectral death yak partially resists.
The spectral death yak is lightly damaged.
The iceblast engulfs the spectral dream sheep!
The spectral dream sheep partially resists.
The spectral dream sheep is moderately damaged.
The spectral dream sheep barely misses you.
The spectral death yak completely misses you.
The spectral dream sheep misses you.
Your life force feels restored.
Unknown command.
Unknown command.
Unknown command.
You feel better. The spectral death yak gores you!
You die...

##...............8.....8...
#≈...###########...........
##...#?.#.©.#=[#...########
#≈...##..#.#..##...#GG?©![.
##§..#^#..#..#^#...#u#####.
#§...#..#.^.#..#...#...#...
##.8.##..#.#..##.8.####©###
#§...#.#.†#..#.#...#...#...
##...#..#.@Z#..#...#.#####.
#§...#...#Z#...#...#.......
##...#....#....#...########
#§§..###########.....#.©.#.
##......#.©.#........#...#.
##.8...#.8.#...8....#.©.#.
#§.....#.©.#.....#########
##...#########...#.."?©[.4
#§...#...bb=.#...#......2.


You could see a spectral death yak and a spectral dream sheep.

Vanquished Creatures
  A centaur warrior (D:10)
  A hell hog (Gauntlet)
  A two-headed ogre (D:9)
  2 death scarabs (Gauntlet)
  Joseph (D:8)
  Maurice (D:9)
  A cane toad (Lair:1)
  A komodo dragon (Lair:1)
  A rime drake (Lair:1)
  A troll (D:10)
  2 basilisks (Lair:1)
  3 wyverns
  10 yaks
  A steam dragon (D:9)
  Menkaure (D:6)
  2 hell hounds (Gauntlet)
  A water moccasin (Lair:1)
  A black bear (Lair:1)
  2 orc warriors
  3 ice beasts
  An ogre (D:5)
  14 wolves
  A centaur (D:6)
  3 phantoms
  Blork the orc (D:4)
  3 kobold brigands
  2 necrophages
  3 bullfrogs
  A gnoll sergeant (D:6)
  3 scorpions (D:6)
  8 wights
  2 electric eels (D:10)
  A howler monkey (D:5)
  8 hounds
  A gnoll shaman (D:7)
  4 orc priests
  3 iguanas (D:6)
  6 orc wizards
  9 gnolls
  8 adders
  A shadow imp (D:8)
  A white imp (D:7)
  4 worms
  A dart slug (D:3)
  27 orcs
  3 bats
  6 endoplasms
  2 giant cockroaches (D:2)
  6 goblins
  8 hobgoblins
  2 jackals
  4 quokkas
  4 ball pythons
  2 frilled lizards (D:1)
  21 kobolds
  6 rats
217 creatures vanquished.

Vanquished Creatures (others)
  5 demonic plants (Gauntlet)
  A fungus (Lair:1)
  5 plants
  14 withered plants (Gauntlet)
25 creatures vanquished.

Grand Total: 242 creatures vanquished

Notes
Turn   | Place    | Note
-------+----------+-------------------------------------------
     0 | D:1      | Hasart the Demigod Hunter began the quest for the Orb.
     0 | D:1      | Reached XP level 1. HP: 17/17 MP: 3/3
    97 | D:1      | Reached skill level 1 in Stealth
   356 | D:1      | Reached XP level 2. HP: 24/24 MP: 4/4
   896 | D:2      | Reached XP level 3. HP: 29/29 MP: 5/5
  1357 | D:3      | Reached skill level 4 in Bows
  1548 | D:3      | Reached XP level 4. HP: 37/37 MP: 6/6
  1973 | D:4      | Noticed Blork the orc
  2026 | D:4      | You fall into a shaft and drop 1 floor!
  2026 | D:5      | Entered Level 5 of the Dungeon
  2062 | D:5      | Reached XP level 5. HP: 44/44 MP: 7/7
  2110 | D:5      | Noticed an ogre
  2143 | D:5      | Killed an ogre
  2144 | D:5      | Reached XP level 6. HP: 41/51 MP: 8/8
  2340 | D:5      | Found Nitifuurgh's Book Shop.
  2435 | D:5      | Found Meeti's Distillery.
  2436 | D:5      | Found Ruseil's Book Boutique.
  2442 | D:5      | Bought a potion of curing for 42 gold pieces
  2442 | D:5      | Bought a potion of heal wounds for 70 gold pieces
  2442 | D:5      | Bought a potion of might for 56 gold pieces
  2699 | D:5      | Reached skill level 5 in Bows
  3007 | D:6      | Reached XP level 7. HP: 47/58 MP: 9/9
  3214 | D:6      | Noticed Menkaure
  3401 | D:6      | Identified the +1 leather armour of the Skies Above {rC-
                  | rCorr Dex+2}
  4320 | D:6      | Killed Menkaure
  4321 | D:6      | Reached XP level 8. HP: 67/67 MP: 10/10
  4701 | D:7      | Reached skill level 5 in Stealth
  4744 | D:7      | Reached skill level 5 in Fighting
  4744 | D:7      | Reached skill level 6 in Bows
  4746 | D:7      | Reached skill level 5 in Dodging
  4953 | D:7      | Identified the amulet "Tuakk" {Spirit Int+2}
  5477 | D:4      | Killed Blork the orc
  5522 | D:4      | Found a staircase to the Ecumenical Temple.
  6158 | D:8      | Noticed Joseph
  6371 | D:8      | Reached XP level 9. HP: 75/75 MP: 11/11
  6376 | D:8      | Noticed a six-headed hydra
  6654 | D:8      | Reached skill level 7 in Bows
  6874 | D:8      | Killed Joseph
  7064 | D:9      | Noticed a two-headed ogre
  7612 | D:9      | Found a staircase to the Orcish Mines.
  7634 | Orc:1    | Entered Level 1 of the Orcish Mines
  7766 | D:9      | Reached skill level 8 in Bows
  7810 | D:9      | Reached skill level 1 in Evocations
  7900 | D:9      | Noticed Maurice
  7918 | D:9      | Killed Maurice
  8035 | D:9      | Reached XP level 10. HP: 61/84 MP: 10/13
  8201 | D:9      | Killed a two-headed ogre
  8414 | D:10     | Entered Level 10 of the Dungeon
  8478 | D:10     | Noticed a centaur warrior
  8491 | D:10     | Killed a centaur warrior
  8715 | D:10     | Reached skill level 9 in Bows
  8783 | D:10     | Found a staircase to the Lair.
  9098 | D:10     | Noticed Nergalle
  9136 | Lair:1   | Entered Level 1 of the Lair of Beasts
 10264 | Lair:2   | Found a gate leading to a gauntlet.
 10308 | Lair:1   | Reached XP level 11. HP: 68/92 MP: 12/14
 10566 | Gauntlet | Entered a Gauntlet
 10566 | Gauntlet | Found a transporter.
 10578 | Gauntlet | Noticed a reaper
 10598 | Gauntlet | Found a transporter.
 10600 | Gauntlet | Found a transporter.
 10600 | Gauntlet | Found a transporter.
 10603 | Gauntlet | Found a transporter.
 10604 | Gauntlet | Found a transporter.
 10606 | Gauntlet | Noticed a glowing orange brain
 10606 | Gauntlet | Noticed a glowing orange brain
 10616 | Gauntlet | Found a transporter.
 10636 | Gauntlet | Found a transporter.
 10645 | Gauntlet | Noticed a death scarab
 10653 | Gauntlet | Noticed a death scarab
 10656 | Gauntlet | Found a transporter.
 10660 | Gauntlet | Found a transporter.
 10661 | Gauntlet | Noticed a hell hog
 10668 | Gauntlet | Found a transporter.
 10729 | Gauntlet | Found a transporter.
 10921 | Gauntlet | Killed a hell hog
 10922 | Gauntlet | Reached skill level 10 in Bows
 10937 | Gauntlet | HP: 4/93 [fire bat (3)]
 11271 | Gauntlet | Killed a death scarab
 11283 | Gauntlet | Killed a death scarab
 11284 | Gauntlet | Slain by a spectral death yak

Illustrated notes

Levels and vault maps discovered:
D:1:      zelgadis_glass_arrival_small, layout_loops_corners,
          hellmonk_ecumenical_altar_lost_god
D:2:      layout_rooms, cheibrodos_gnoll_hut
D:3:      layout_rooms, dk_noncrumbling_4
D:4:      layout_cave_pools, minmay_temple_entry_mist, uniq_blork_the_orc
D:5:      layout_loops_ring, serial_shops, shop, shop, shop,
          minmay_misc_feat_square
D:6:      layout_loops_cross, serial_rivers, chequers_serial_rivers_large_a,
          chequers_serial_rivers_micro_e, chequers_serial_rivers_small_3,
          chequers_serial_rivers_micro_b, chequers_serial_rivers_small_b,
          chequers_serial_rivers_small_a, kennysheep_path_1, uniq_menkaure
D:7:      layout_basic, amcnicky_altar_gilded
D:8:      layout_loops_ring, uniq_joseph
D:9:      layout_small_grid, orc_0_dummy, uniq_maurice
D:10:     layout_basic, erik_lair_island, uniq_nergalle
Lair:1:   layout_long_grid, st_stairs_8, grunt_megastairs_3, lemuel_fruit_fields
Lair:2:   layout_small_grid, gauntlet_entry_generic, serial_bayou_lagoon_a,
          nicolae_lair_grazing_beasts [nicolae_sub_lair_graze_edge,
          nicolae_sub_lair_graze_edge, nicolae_sub_lair_graze_edge,
          nicolae_sub_lair_graze_edge], grunt_megastairs_5, serial_bayou_shore_a
Orc:1:    layout_caves
Gauntlet: minmay_gauntlet_mixed_oops_all_seconds
          [minmay_gauntlet_arena_77_museum, gammafunk_gauntlet_arena_open,
          minmay_gauntlet_arena_77_mess, gammafunk_gauntlet_arena_arrow_garden,
          minmay_gauntlet_arena_77_two_paths, nicolae_gauntlet_arena_grate_2,
          gauntlet_exit_watery]

Skill      XL: |  1  2  3  4  5  6  7  8  9 10 11 |
---------------+----------------------------------+-----
Stealth        | 1 2 3 4 6 7 8 |  8.5
Fighting       | 2 3 4 5 6 7 |  7.9
Dodging        | 2 3 4 5 6 7 |  7.9
Bows           | 4 5 6 8 9 10 | 10.2
Evocations     | 1 3 4 |  4.3

Action                   |  1- 3 |  4- 6 |  7- 9 | 10-12 || total
-------------------------+-------+-------+-------+-------++-------
 Fire: Shortbow          |   130 |   136 |   436 |   258 ||   960
Evoke: Wand              |       |       |       |     9 ||     9
  Use: Potion            |       |       |     2 |     8 ||    10
       Scroll            |       |       |    11 |     6 ||    17
Armor: Leather armour    |     9 |    21 |    41 |    81 ||   152
Dodge: Dodged            |    30 |    49 |   199 |   394 ||   672

Table legend: (Time is in decaauts)
 A = Elapsed time spent in this place.
 B = Non-inter-level travel time spent in this place.
 C = Inter-level travel time spent in this place.
 D = Time resting spent in this place.
 E = Time spent auto-exploring this place.
 F = Levels seen in this place.
 G = Mean time per level.
                   A        B        C        D        E       F      G
               +--------+--------+--------+--------+--------+-----+--------+
         Total |  11535 |  11165 |    370 |   1252 |   7385 |  14 |  823.9 |
       Dungeon |   9365 |   9026 |    339 |    485 |   6608 |  10 |  936.5 |
          Lair |   1440 |   1409 |     31 |    451 |    743 |   2 |  720.0 |
  Orcish Mines |      3 |      3 |      0 |      0 |      0 |   1 |    3.0 |
      Gauntlet |    726 |    726 |      0 |    316 |     34 |   1 |  726.0 |
               +--------+--------+--------+--------+--------+-----+--------+

Top non-repeatable levels by time:
     D:6: 1602 daAuts
  Lair:1: 1403 daAuts
     D:8: 1335 daAuts
     D:5: 1142 daAuts
     D:9: 904 daAuts
     D:1: 879 daAuts
     D:4: 825 daAuts
     D:7: 784 daAuts
     D:3: 781 daAuts
    D:10: 734 daAuts
Gauntlet: 726 daAuts
     D:2: 375 daAuts
  Lair:2: 37 daAuts
   Orc:1: 3 daAuts
